Map: Nightscape LE

Players

PraetorND - Winner!

  • Race: Protoss Protoss
  • League: Diamond
  • Spawn Location: 1:00

Jeemix - Winner!

  • Race: Zerg Zerg
  • League: Diamond
  • Spawn Location: 1:00

Massa

  • Race: Terran Terran
  • League: Platinum
  • Spawn Location: 7:00

qqq

  • Race: Zerg Zerg
  • League: Platinum
  • Spawn Location: 7:00

VOD

Have the link to the VOD?

Description

Time

  • Played on: Jan. 23, 2021, 11:41 a.m.
  • Length: 11:01
Show
View Real Time Build Order
Export as new Build Order

PraetorND Protoss - Winner!

Build Orders: Oracle Opening 

Get SALT Encoding   

  12  0:00  Probe  
  13  0:12  Probe  
  14  0:17  Pylon  
  14  0:24  Probe  
  15  0:36  Probe  
  15  0:39  Gateway  
  16  0:45  Gateway  
  16  0:47  Assimilator  
  16  0:51  Probe  
  17  1:03  Probe  
  18  1:15  Probe  
  19  1:27  Probe  
  19  1:28  Assimilator  
  20  1:37  Cybernetics Core  
  20  1:39  Probe  
  21  1:51  Probe  
  22  1:54  Nexus  
  22  2:04  Probe  
  23  2:16  Pylon  
  23  2:23  Pylon  
  23  2:34  Probe (Chrono Boost)  
  23  2:35  Stargate  
  24  2:46  Probe (Chrono Boost)  
  24  2:48  Forge  
  25  2:51  Probe (Chrono Boost)  
  25  2:54  Pylon  
  26  3:01  Probe (Chrono Boost)  
  27  3:09  Assimilator  
  27  3:12  Probe (Chrono Boost)  
  28  3:15  Oracle (Chrono Boost)  
  28  3:16  Probe (Chrono Boost)  
  33  3:27  Probe (Chrono Boost)  
  33  3:32  Photon Cannon  
  33  3:34  Probe (Chrono Boost)  
  34  3:41  Probe  
  34  3:43  Probe, Stargate  
  36  3:49  Oracle (Chrono Boost)  
  36  3:53  Probe  
  40  3:57  Shield Battery  
  40  3:59  Probe  
  41  4:05  Probe  
  42  4:11  Probe  
  43  4:17  Probe  
  43  4:20  Oracle (Chrono Boost)  
  44  4:46  Photon Cannon x2  
  44  4:47  Oracle (Chrono Boost)  
  44  4:51  Photon Cannon  
  38  4:55  Probe x2  
  37  5:07  Probe x2  
  37  5:10  Stargate  
  37  5:12  Pylon  
  38  5:17  Pylon  
  38  5:19  Probe x2 (Chrono Boost)  
  38  5:21  Pylon  
  40  5:31  Probe x2 (Chrono Boost)  
  42  5:38  Probe x2 (Chrono Boost)  
  42  5:40  Photon Cannon  
  44  5:45  Probe x2  
  46  5:57  Probe, Photon Cannon  
  46  6:03  Photon Cannon  
  47  6:09  Probe  
  47  6:10  Probe  
  49  6:12  Assimilator  
  49  6:19  Fleet Beacon  
  49  6:21  Probe (Chrono Boost)  
  49  6:23  Probe (Chrono Boost)  
  51  6:30  Protoss Shields Level 1 (Chrono Boost)  
  52  6:33  Probe (Chrono Boost)  
  52  6:35  Probe (Chrono Boost)  
  53  6:40  Probe (Chrono Boost)  
  53  6:41  Probe (Chrono Boost), Protoss Air Weapons Level 1  
  55  6:48  Probe  
  55  6:49  Probe  
  57  7:09  Pylon  
  57  7:12  Tempest  
  57  7:13  Tempest x2  
  72  7:28  Probe  
  72  7:29  Probe  
  74  7:31  Nexus  
  74  7:34  Pylon  
  74  7:38  Flux Vanes  
  74  7:44  Probe x2  
  76  7:56  Probe x2  
  78  8:00  Carrier (Chrono Boost)  
  90  8:15  Carrier (Chrono Boost)  
  90  8:19  Pylon  
  90  8:20  Pylon  
  90  8:22  Pylon  
  90  8:23  Pylon  
  90  8:38  Carrier (Chrono Boost)  
  90  8:39  Protoss Air Armor Level 1  
  96  9:00  Twilight Council  
  96  9:02  Assimilator  
  102  9:04  Carrier (Chrono Boost)  
  102  9:06  Assimilator  
  102  9:10  Photon Cannon  
  102  9:14  Photon Cannon  
  102  9:16  Photon Cannon  
  102  9:19  Shield Battery  
  102  9:25  Shield Battery  
  102  9:28  Probe x2  
  104  9:32  Shield Battery  
  104  9:33  Shield Battery  
  104  9:36  Pylon  
  104  10:05  Probe  
  104  10:06  Probe x2  
Show
View Real Time Build Order
Export as new Build Order

Jeemix Zerg - Winner!

Build Orders: Hatch First 

Get SALT Encoding   

  12  0:00  Drone  
  13  0:13  Overlord  
  13  0:17  Drone  
  14  0:31  Drone x2  
  14  0:34  Drone  
  17  0:57  Hatchery  
  17  0:58  Drone  
  17  1:00  Drone  
  18  1:12  Extractor  
  18  1:16  Spawning Pool  
  16  1:19  Drone  
  16  1:20  Drone  
  18  1:28  Drone  
  19  1:39  Overlord  
  19  2:03  Zergling x4  
  19  2:06  Queen  
  23  2:09  Zergling x2  
  23  2:10  Queen  
  23  2:11  Zergling x2  
  27  2:17  Metabolic Boost  
  27  2:23  Drone x2  
  29  2:40  Zergling x2  
  29  2:41  Zergling x2  
  31  2:54  Hatchery  
  31  2:57  Drone x3  
  31  2:58  Drone  
  34  3:05  Drone x2  
  36  3:40  Lair  
  36  3:42  Overlord x3  
  36  3:43  Overlord  
  36  3:48  Extractor  
  35  4:05  Roach Warren  
  33  4:22  Zergling x8  
  33  4:23  Zergling x26  
  40  4:38  Zergling x10  
  39  4:47  Zergling x6  
  36  4:57  Roach x3  
  40  5:18  Drone x5  
  40  5:20  Ravager  
  46  5:26  Drone x2  
  37  5:52  Roach x5  
  45  6:05  Drone x2  
  45  6:06  Drone x3  
  45  6:07  Drone  
  50  6:12  Drone x2  
  50  6:28  Drone  
  50  6:29  Drone  
  53  6:32  Ravager  
  53  6:33  Ravager x2  
  53  6:35  Zergling x10  
  60  6:51  Zergling x2  
  60  6:52  Zergling x6  
  60  6:53  Roach  
  66  6:55  Overlord  
  49  7:38  Zergling x8, Roach x5  
  56  7:54  Drone x3  
  59  7:58  Extractor  
  59  8:00  Extractor  
  57  8:12  Hatchery, Drone x5  
  61  8:13  Drone  
  61  8:16  Hatchery  
  61  8:20  Hatchery  
  58  8:32  Spore Crawler  
  55  8:49  Drone x6  
  55  8:50  Drone x3  
  64  8:57  Spine Crawler  
  63  9:03  Roach x3  
  69  9:11  Drone x2  
  70  9:45  Ravager x3  
  73  9:51  Spore Crawler  
  70  9:53  Spine Crawler  
  68  10:03  Hatchery  
  68  10:06  Drone x3  
  70  10:08  Drone x2  
  61  10:58  Hydralisk Den  
Show
View Real Time Build Order
Export as new Build Order

Massa Terran 

Build Orders:  

Get SALT Encoding   

  12  0:00  SCV  
  13  0:12  SCV  
  14  0:22  Supply Depot  
  14  0:24  SCV  
  15  0:43  SCV  
  15  0:44  Barracks  
  15  0:49  Refinery  
  16  0:55  Refinery, SCV  
  17  1:07  SCV  
  18  1:14  Supply Depot  
  18  1:27  SCV  
  18  1:29  Barracks  
  19  1:39  SCV  
  20  1:43  Barracks Tech Lab  
  20  1:53  Orbital Command  
  20  2:03  Marauder  
  22  2:11  Stimpack  
  22  2:16  Barracks Tech Lab  
  22  2:21  SCV  
  23  2:28  Marauder  
  25  2:34  Marine  
  26  2:41  Supply Depot  
  26  2:50  Marauder  
  28  2:52  Marine  
  29  3:01  Concussive Shells  
  29  3:10  Marauder  
  29  3:11  Marauder  
  33  3:21  Command Center  
  33  3:32  Marauder  
  33  3:33  Marauder  
  38  3:41  SCV  
  38  3:52  Combat Shield  
  38  3:54  Factory  
  38  4:00  Supply Depot  
  38  4:22  Marauder x2  
  42  4:25  Engineering Bay  
  31  4:42  Marine  
  31  4:43  Marauder  
  26  4:56  Factory Tech Lab  
  26  4:57  Orbital Command  
  26  4:58  SCV  
  21  5:00  Marine  
  21  5:03  Missile Turret  
  21  5:04  Marine  
  23  5:10  SCV  
  24  5:20  Siege Tank  
  27  5:22  SCV  
  27  5:23  Marauder, Marine  
  31  5:29  SCV  
  25  6:02  Marauder x2  
  27  6:06  SCV  
  27  6:07  SCV  
  27  6:09  Cyclone  
  32  6:19  SCV x2  
  32  6:23  Refinery, Marine x2  
  36  6:31  SCV x2  
  38  6:33  Missile Turret  
  38  6:41  Marine x2  
  38  6:43  SCV x2  
  42  6:49  Widow Mine  
  42  6:54  Command Center  
  44  6:59  Refinery, Marine  
  46  7:01  SCV x2  
  47  7:10  Widow Mine  
  47  7:13  SCV x2  
  37  7:38  Marauder, Marine  
  37  7:40  Widow Mine  
  38  7:49  SCV  
  38  7:50  SCV  
  38  7:56  Marine  
  39  7:59  Barracks, Marauder  
  39  8:01  SCV  
  39  8:02  Widow Mine, SCV  
  45  8:13  SCV, Marine  
  45  8:14  SCV  
  48  8:21  Marauder  
  48  8:25  Siege Tank  
  53  8:31  Starport, SCV x2  
  55  8:39  Marine  
  54  8:42  Marine  
  54  8:43  SCV x2  
  57  8:50  Missile Turret  
  57  8:53  Missile Turret  
  57  8:55  SCV  
  56  8:57  Marine  
  56  8:58  Barracks Reactor  
  56  8:59  Marine  
  58  9:08  Medivac  
  60  9:10  Widow Mine  
  60  9:14  Marine  
  63  9:17  Marine  
  64  9:31  Siege Tank  
  64  9:32  Marine  
  68  9:42  Marauder  
  67  9:50  Marine  
  52  10:04  Marauder, Siege Tank  
  57  10:08  Starport Reactor, Marine  
  57  10:09  SCV x3  
  61  10:21  SCV x3, Barracks, Marine x2  
  61  10:22  Barracks  
  61  10:24  Barracks  
  61  10:25  Marauder  
  61  10:26  Marine  
  67  10:33  SCV x3  
  64  10:39  Marine x2  
  59  10:45  SCV  
Show
View Real Time Build Order
Export as new Build Order

qqq Zerg 

Build Orders: Hatch First 

Get SALT Encoding   

  12  0:01  Drone  
  13  0:13  Drone  
  14  0:22  Overlord  
  14  0:47  Hatchery  
  13  0:51  Drone  
  13  0:52  Drone  
  13  0:55  Drone  
  16  1:21  Spawning Pool  
  16  1:22  Extractor  
  14  1:40  Drone  
  14  1:41  Drone x2  
  17  1:54  Extractor  
  17  2:10  Drone  
  17  2:11  Drone x2  
  17  2:12  Drone, Queen  
  17  2:13  Queen  
  25  2:24  Drone  
  25  2:25  Metabolic Boost  
  25  2:28  Overlord  
  26  2:31  Drone  
  26  2:35  Zergling x2  
  28  2:40  Overlord  
  28  2:47  Zergling x2  
  28  2:48  Zergling x2  
  30  2:56  Baneling Nest  
  30  2:58  Drone, Zergling x2  
  30  3:04  Extractor  
  31  3:14  Zergling x2  
  31  3:15  Zergling x4  
  34  3:24  Zergling x2  
  34  3:25  Zergling x6  
  34  3:26  Zergling x6  
  41  3:34  Queen  
  42  3:42  Baneling x3  
  42  3:44  Zergling x2  
  42  3:46  Zergling x2  
  44  3:51  Overlord  
  44  3:57  Overlord  
  44  4:08  Overlord  
  41  4:23  Queen  
  37  4:24  Spore Crawler  
  35  4:31  Drone  
  35  4:32  Drone, Zergling x4  
  35  4:34  Drone, Zergling x2  
  35  4:35  Zergling x2  
  36  4:47  Zergling x2  
  36  4:48  Zergling x4  
  36  4:52  Zergling x2  
  39  4:55  Zergling x2  
  38  5:06  Baneling  
  38  5:07  Baneling x3  
  38  5:12  Zergling x2  
  38  5:13  Zergling x4  
  38  5:19  Zergling x2  
  39  5:25  Baneling x5  
  39  5:27  Zergling x2  
  39  5:28  Zergling x4  
  42  5:40  Zergling x2  
  42  5:41  Zergling x6  
  39  5:50  Zergling x2  
  38  6:03  Lair  
  34  6:09  Drone x4  
  36  6:12  Extractor  
  36  6:15  Spore Crawler  
  36  6:16  Drone x2  
  33  6:18  Drone  
  33  6:24  Drone  
  33  6:25  Drone  
  36  6:31  Overlord  
  36  6:37  Overlord  
  36  6:40  Drone  
  36  6:44  Drone  
  36  6:45  Drone  
  39  7:00  Spire  
  38  7:01  Drone  
  38  7:04  Drone  
  31  7:20  Spore Crawler  
  22  7:25  Spore Crawler  
  22  7:26  Drone x3  
  22  7:30  Drone x3  
  25  7:37  Drone  
  25  7:39  Drone  
  27  7:47  Drone x2  
  29  7:57  Drone x3  
  32  8:04  Queen  
  34  8:07  Drone  
  34  8:11  Drone  
  36  8:17  Mutalisk  
  38  8:23  Mutalisk  
  38  8:26  Drone  
  41  8:28  Drone  
  41  8:32  Mutalisk  
  44  8:40  Spore Crawler  
  37  9:00  Drone  
  37  9:01  Mutalisk  
  40  9:08  Drone x5  
  45  9:10  Drone  
  46  9:22  Drone  
  46  9:23  Drone  
  47  9:32  Extractor x2  
  47  9:34  Drone  
  47  9:35  Drone x3  
  49  9:50  Drone x2  
  51  9:53  Drone  
  52  10:01  Drone  
  53  10:08  Corruptor  
  53  10:11  Corruptor  
  53  10:12  Hatchery  
  56  10:14  Drone  
  56  10:20  Drone  
  58  10:22  Spore Crawler  
  57  10:31  Hatchery  
Tags
 
Add a new tag
Caveats
  • Supply blocks, unpowered buildings, or Contaminate may cause inaccurate times.
  • Supply counts are checked every 10 seconds.